 Dungeon Crawl Stone Soup version 0.29.1 (webtiles) character file.

Game seed: 3766095898916270612

300 fingers the Chopper (level 6, -3/45 (48) HPs)
             Began as a Demonspawn Berserker on Sept 13, 2022.
             Was a Believer of Trog.
             Slain by a wight
             ... wielding a +4 halberd
              (4 damage)
             ... on level 4 of the Dungeon.
             The game lasted 00:05:36 (3723 turns).

fingers the Chopper (Demonspawn Berserker)          Turns: 3723, Time: 00:05:37

HP:   -3/45 (48)    AC:  9    Str: 19    XL:     6   Next: 13%
MP:   6/6           EV: 12    Int:  8    God:    Trog [**....]
Gold: 35            SH:  0    Dex: 13    Spells: 5/5 levels left

rFire   + . .      SeeInvis .   A - +5 war axe
rCold   . . .      Faith    .   (no shield)
rNeg    . . .      Spirit   .   c - +2 scale mail {rF+}
rPois   .          Reflect  .   (helmet restricted)
rElec   .          Harm     .   (no cloak)
rCorr   .          Rampage  .   (no gloves)
Will    .....                   f - +0 pair of boots
Stlth   ..........              s - amulet of the acrobat
HPRegen 0.15/turn               (no ring)
MPRegen 0.10/turn               (no ring)

@: on berserk cooldown, slowed, drained, very slow
A: horns 1, repulsion field 1, foul stench 2
a: Renounce Religion, Berserk, Trog's Hand


You were on level 4 of the Dungeon.
You worshipped Trog.
Trog was pleased with you.
You visited 1 branch of the dungeon, and saw 4 of its levels.

You collected 245 gold pieces.
You spent 210 gold pieces at shops.

Inventory:

Hand Weapons
 a - a +1 hand axe
 y - a +1 war axe
 A - a +5 war axe (weapon)
Armour
 b - a +0 animal skin
 c - a +2 scale mail of fire resistance (worn)
 f - a +0 pair of boots (worn)
 i - a +0 leather armour
 v - a +0 chain mail
Jewellery
 s - an amulet of the acrobat (around neck)
Scrolls
 d - 3 scrolls of noise
 j - a scroll of silence {unknown}
 o - 3 scrolls of teleportation {unknown}
 q - 2 scrolls of identify {unknown}
 t - a scroll of fog {unknown}
 u - a scroll of poison {unknown}
 w - 2 scrolls of blinking {unknown}
Potions
 e - a potion of brilliance {unknown}
 g - 4 potions of curing {unknown}
 h - a potion of berserk rage {unknown}
 k - 3 potions of lignification {unknown}
 l - a potion of cancellation {unknown}
 m - 3 potions of ambrosia {unknown}
 n - a potion of might {unknown}
 p - a potion of attraction {unknown}
 r - a potion of mutation {unknown}
 x - a potion of flight {unknown}
 z - a potion of invisibility {unknown}


   Skills:
 + Level 4.1 Fighting
 + Level 4.5 Axes
 + Level 2.8 Armour
 + Level 2.4 Dodging
 + Level 1.5 Stealth


You had 5 spell levels left.
You didn't know any spells.
Your spell library was empty.

Dungeon Overview and Level Annotations

Branches:
Dungeon (4/15)
 Temple: D:4-7

Altars:

Shops:
D:2 !   D:3 [[


Innate Abilities, Weirdness & Mutations

You have a pair of small horns on your head.
You are surrounded by a mild repulsion field. (EV +2)
You sometimes emit foul miasma when damaged in melee.


Message History

You slash the hound!
You kill the hound!
Trog accepts your kill.
Your life force feels restored.
You have reached level 6!
Your demonic ancestry asserts itself...
You begin to radiate repulsive energy.
Things that are here:
a +5 war axe; a +0 robe
A - a +5 war axe You feel a strong urge to attack something.
A - a +5 war axe (weapon)
You feel your anger nearly subside.
You are no longer berserk.
You are exhausted.
You feel yourself slow down.
A wight comes into view. It is wielding a +4 halberd.
The wight hits you with a +4 halberd!
* * * LOW HITPOINT WARNING * * *
You feel drained.
* * * LOW HITPOINT WARNING * * *
You emit a cloud of foul miasma!
The wight completely misses you.
You see here a ruby potion.
You completely miss the wight. You headbutt the wight.
The wight is lightly damaged.
The wight hits you with a +4 halberd!
* * * LOW HITPOINT WARNING * * *
The wight barely misses you.
Unknown command.
You hit the wight.
The wight is heavily damaged.
The wight barely misses you.
You closely miss the wight. Your headbutt misses the wight.
The wight is heavily damaged.
The wight hits you with a +4 halberd.
* * * LOW HITPOINT WARNING * * *
You feel drained. The wight misses you.
You slash the wight! Your headbutt misses the wight.
The wight is almost destroyed.
The wight hits you with a +4 halberd.
You die...

#.)........ #..#
#)......... ...
+)).......#
#..#######.........#
......##.......####
##..##.##.####### ..
...##.##.# #
....###z##....##....
.......@.......'.)...
...####....#####.....
#.##.#### ....
####...[...# ...
........)..# ..
........†...... .
...$.......##.)
#######....# #
###....


You could see a wight.

Vanquished Creatures
  A scorpion (D:4)
  A wight (D:4)
  2 hounds (D:4)
  Robin (D:2)
  4 gnolls (D:4)
  2 adders (D:2)
  A worm (D:2)
  A dart slug (D:1)
  5 bats (D:1)
  4 endoplasms
  2 giant cockroaches
  6 goblins
  3 hobgoblins
  5 jackals
  7 kobolds
  3 quokkas
  2 ball pythons
  3 frilled lizards
  6 rats
59 creatures vanquished.

Notes
Turn   | Place    | Note
-------+----------+-------------------------------------------
     0 | D:1      | fingers the Demonspawn Berserker began the quest for the
                  | Orb.
     0 | D:1      | Reached XP level 1. HP: 18/18 MP: 1/1
    69 | D:1      | Gained mutation: You may rarely emit foul miasma when
                  | damaged in melee. [demonic ancestry]
    69 | D:1      | Reached XP level 2. HP: 24/24 MP: 2/2
  1324 | D:2      | Reached XP level 3. HP: 29/29 MP: 3/3
  1372 | D:2      | Noticed Robin
  1381 | D:2      | Killed Robin
  1382 | D:2      | Reached skill level 1 in Stealth
  2033 | D:2      | Found a faded altar of an unknown god.
  2196 | D:2      | Reached ** piety under Trog
  2197 | D:2      | Gained mutation: You have a pair of small horns on your
                  | head. [demonic ancestry]
  2197 | D:2      | Reached XP level 4. HP: 35/35 MP: 4/4
  2250 | D:2      | Found Ilagykk's Distillery.
  2629 | D:3      | Found Cedwut's Armour Emporium.
  2788 | D:3      | Found Xaixowka's Armour Shop.
  3184 | D:3      | Bought a +2 scale mail of fire resistance for 210 gold
                  | pieces
  3348 | D:4      | HP: 1/37 [gnoll/+0 club (2)]
  3353 | D:4      | Gained mutation: You sometimes emit foul miasma when
                  | damaged in melee. [demonic ancestry]
  3353 | D:4      | Reached XP level 5. HP: 2/42 MP: 5/5
  3711 | D:4      | Gained mutation: You are surrounded by a mild repulsion
                  | field. (EV +2) [demonic ancestry]
  3711 | D:4      | Reached XP level 6. HP: 38/48 MP: 6/6
  3722 | D:4      | HP: 1/46 [wight/+4 halberd (5)]
  3723 | D:4      | Slain by a wight

Illustrated notes

Levels and vault maps discovered:
D:1:      heliophobic_arrival_henge, layout_loops_ring, serial_park_tiny_pond,
          minmay_misc_feat_roman, st_stairs_10, minmay_pentomino_x2
D:2:      layout_loops_corners, serial_shops, nicolae_shop_trees,
          chequers_ecumenical_altar_island, kennysheep_flooded_box, uniq_robin
D:3:      layout_loops_ring, serial_shops, nicolae_shop_advertising_works
          [nicolae_subvault_shop_adworks], shop_statue, due_unseen_surprise
D:4:      layout_basic, minitemple

Skill      XL: |  1  2  3  4  5 |
---------------+----------------+-----
Axes           | 3 4 |  4.5
Armour         | 2 |  2.8
Dodging        | 2 |  2.4
Stealth        | 1 |  1.5
Fighting       | 4 |  4.1

Action                   |  1- 3 |  4- 6 || total
-------------------------+-------+-------++-------
Melee: Hand axe          |   115 |    27 ||   142
       Punch             |     4 |       ||     4
       War axe           |       |    29 ||    29
       Headbutt          |       |     8 ||     8
Invok: Berserk           |     2 |     1 ||     3
  Use: Scroll            |     1 |     2 ||     3
Armor: Animal skin       |    24 |       ||    24
       Leather armour    |    16 |     6 ||    22
       Scale mail        |       |    23 ||    23
       Chain mail        |       |     8 ||     8
Dodge: Dodged            |    83 |    43 ||   126
